 Dungeon Crawl Stone Soup version 0.28.0-45-g0d030f2227 (webtiles) character file.

Game seed: 14165784043594812132

26 protoss039 the Digger (level 2, 0/21 HPs)
             Began as a Demonspawn Earth Elementalist on May 30, 2022.
             Slain by a hobgoblin (5 damage)
             ... on level 1 of the Dungeon.
             The game lasted 00:01:41 (1191 turns).

protoss039 the Digger (DsEE)                        Turns: 1191, Time: 00:01:42

Health: 0/21       AC:  2    Str:  8    XL:     2   Next: 89%
Magic:  4/5        EV: 12    Int: 16    God:
Gold:   92         SH:  0    Dex: 13    Spells: 2/5 levels left

rFire   . . .      SeeInvis .   g - +0 dagger (venom)
rCold   . . .      Faith    .   (no shield)
rNeg    . . .      Spirit   .   b - +0 robe
rPois   .          Reflect  .   (no helmet)
rElec   .          Harm     .   (no cloak)
rCorr   .          Rampage  .   (no gloves)
Will    .....                   (no boots)
Stlth   ++........              (no amulet)
HPRegen 0.07/turn               (no ring)
MPRegen 0.09/turn               (no ring)

@: no status effects
A: weakness stinger 1
a: no special abilities


You were on level 1 of the Dungeon.
You visited 1 branch of the dungeon, and saw 2 of its levels.

You collected 92 gold pieces.

Inventory:

Hand Weapons
 g - a +0 dagger of venom (weapon)
Missiles
 c - 45 stones
Armour
 b - a +0 robe (worn)
Jewellery
 f - a ring of fire
Scrolls
 a - a scroll of identify {unknown}
 h - a scroll of fear {unknown}
 i - a scroll of teleportation {unknown}
Potions
 e - a potion of resistance {unknown}
 j - a potion of heal wounds {unknown}


   Skills:
 * Level 1.5 Fighting
 + Level 0.7 Armour
 - Level 1.7 Dodging
 - Level 1.7 Stealth
 + Level 2.2 Spellcasting
 - Level 1.0 Transmutations
 + Level 2.9 Earth Magic


You had 2 spell levels left.
You knew the following spells:

 Your Spells              Type           Power      Damage    Failure   Level
a - Sandblast             Erth           22%        2d7       6%          1
b - Passwall              Tmut/Erth      6%         N/A       14%         2

Your spell library contained the following spells:

 Spells                   Type           Power      Damage    Failure   Level
 Call Imp                 Summ           1%         N/A       30%         2
 Stone Arrow              Conj/Erth      12%        3d7       32%         3
 Call Canine Familiar     Summ           1%         N/A       52%         3
 Petrify                  Tmut/Erth      8%         N/A       65%         4
 Malign Gateway           Summ/Tloc      0%         N/A       100%        7


Dungeon Overview and Level Annotations

Branches:
Dungeon (2/15)

Altars:


Innate Abilities, Weirdness & Mutations

You have a small tail.


Message History

The frilled lizard unfolds its giant frill.
The frilled lizard closely misses you.
Casting: Sandblast (safe; 6% risk of failure)
Confirm with . or Enter, or press ? or * to list all spells.
Aiming: Sandblast (safe; 6% risk of failure)
Press: ? - help, Shift-Dir - straight line The blast of sand hits the frilled lizard.
You kill the frilled lizard!
A hobgoblin comes into view.
Unknown command.
Unknown command.
You closely miss the gnoll. The hobgoblin hits you.
The gnoll hits you with a +0 flail.
Unknown command.
You hit the gnoll but do no damage.
The gnoll is poisoned.
The hobgoblin hits you but does no damage.
The gnoll barely misses you.
Unknown command.
The hobgoblin hits you.
* * * LOW HITPOINT WARNING * * *
You see here a +0 dagger.
You feel a bit more experienced.
There is a stone staircase leading up here.
Unknown command.
The hobgoblin hits you.
* * * LOW HITPOINT WARNING * * *
You climb upwards.
There is a stone staircase leading down here.
Unknown command.
You are too injured to fight recklessly!
Unknown command.
You are too injured to fight recklessly!
Casting: Sandblast (safe; 6% risk of failure)
Confirm with . or Enter, or press ? or * to list all spells.
Aiming: Sandblast (safe; 6% risk of failure)
Press: ? - help, Shift-Dir - straight line, f - hobgoblin
Aim: a hobgoblin, wearing a +0 leather armour (79% to hit)
The blast of sand hits the hobgoblin but does no damage.
The hobgoblin hits you.
You die...

....# #..#
##....####.#####.. #####
##.## ##.#.##........[.
#..## #......#########
##..####...8..#
##......[8_8.#
#..#####..8..# ####...##
#.....# ##....#.g####....#
########..####..@......##
......)..........##.....##
.###....###..............##
...#.#####................#
..........................#
##########................##
#.................##
#..................#####
#................#......


You could see a hobgoblin.

Vanquished Creatures
  A gnoll (D:2)
  An endoplasm (D:2)
  2 giant cockroaches
  2 goblins (D:1)
  A hobgoblin (D:1)
  2 kobolds (D:1)
  2 ball pythons (D:1)
  A bat (D:1)
  A frilled lizard (D:2)
  4 rats
17 creatures vanquished.

Notes
Turn   | Place    | Note
-------+----------+-------------------------------------------
     0 | D:1      | protoss039 the Demonspawn Earth Elementalist began the
                  | quest for the Orb.
     0 | D:1      | Reached XP level 1. HP: 13/13 MP: 3/3
   161 | D:1      | Reached skill level 1 in Transmutations
   530 | D:1      | Found a faded altar of an unknown god.
   619 | D:1      | Gained mutation: You have a small tail. [demonic ancestry]
   619 | D:1      | Reached XP level 2. HP: 8/20 MP: 1/5
   620 | D:1      | Reached skill level 1 in Fighting
   890 | D:1      | Learned a level 2 spell: Passwall
   905 | D:1      | Got Keemu's Incunabulum of the Entourage
  1191 | D:1      | Slain by a hobgoblin

Illustrated notes

Levels and vault maps discovered:
D:1:      nagdon_arrival_double_spiral, layout_rooms,
          chequers_ecumenical_altar_simple
D:2:      layout_loops_cross, kennysheep_flooded_box, kennysheep_cross_room,
          minmay_circled_x

Skill      XL: |  1  2 |
---------------+-------+-----
Transmutations | 1 |  1.0
Fighting       | 1 |  1.5
Armour         | |  0.7
Dodging        | |  1.7
Stealth        | |  1.7
Spellcasting   | |  2.2
Earth Magic    | |  2.9

Action                   || total
-------------------------++-------
Melee: Dagger            ||    47
       Unarmed           ||     1
       Tailslap          ||     3
 Cast: Sandblast         ||    11
Armor: Robe              ||    14
Dodge: Dodged            ||    31
